 Dungeon Crawl Stone Soup version 0.26-a0-720-g2a1d101370 (webtiles) character file.

Game seed: 3788883101837638666

3574 lunkers the Covert (level 10, -2/63 HPs)
             Began as a Kobold Delver on Nov 2, 2020.
             Was a Believer of Uskayaw.
             Killed by divine providence
             ... invoked by an orc priest
              (14 damage)
             ... on level 8 of the Dungeon.
             The game lasted 00:22:04 (9217 turns).

lunkers the Covert (Kobold Delver)                  Turns: 9217, Time: 00:22:05

Health: -2/63      AC: 11    Str: 12    XL:     10   Next: 31%
Magic:  12/12      EV: 16    Int: 12    God:    Uskayaw [**....]
Gold:   442        SH:  7    Dex: 23    Spells: 9/9 levels left

rFire    + . .     SeeInvis .   y - +2 dagger (flame)
rCold    . . .     Faith    .   k - +0 buckler
rNeg     . . .     Spirit   .   G - +2 scale mail {rF+}
rPois    +         Reflect  .   w - +0 helmet
rElec    .         Harm     .   (no cloak)
rCorr    .         Rampage  .   A - +0 pair of gloves
MR       .....                  n - +0 pair of boots
Stlth    +++++.....             (no amulet)
HPRegen  0.20/turn              o - ring of poison resistance
MPRegen  0.13/turn              z - +6 ring of dexterity

@: no status effects
A: small, nightstalker 3
a: Stomp, Line Pass, Renounce Religion


You were on level 8 of the Dungeon.
You worshipped Uskayaw.
Uskayaw was noncommittal.
You visited 2 branches of the dungeon, and saw 9 of its levels.

You collected 442 gold pieces.

Inventory:

Hand Weapons
 a - a +0 short sword
 y - a +2 dagger of flaming (weapon)
 F - a +0 hand crossbow
Missiles
 u - 11 poisoned darts (quivered)
Armour
 k - a +0 buckler (worn)
 n - a +0 pair of boots (worn)
 w - a +0 helmet (worn)
 A - a +0 pair of gloves (worn)
 G - a +2 scale mail of fire resistance (worn)
Jewellery
 i - a cursed amulet of inaccuracy {unknown}
 o - a ring of poison resistance (left hand)
 p - an uncursed ring of ice
 z - a +6 ring of dexterity (right hand)
 C - an uncursed ring of magical power
 D - an uncursed ring of see invisible
Wands
 g - a wand of digging (9)
 h - a wand of iceblast (1)
 I - a wand of random effects (12)
Scrolls
 b - a scroll of enchant weapon
 c - 2 scrolls of fog
 d - 3 scrolls of magic mapping
 e - a scroll of fear
 j - 2 scrolls of identify
 l - a scroll of immolation
 m - 4 scrolls of enchant armour
 r - 4 scrolls of teleportation
 v - 3 scrolls of remove curse
 B - a scroll of amnesia
 E - 2 scrolls of blinking
 H - a scroll of acquirement {unknown}
Potions
 f - a potion of haste
 q - 6 potions of curing
 s - a potion of resistance
 t - 3 potions of stabbing
 x - a potion of heal wounds


   Skills:
 + Level 7.2 Fighting
 - Level 10.0 Short Blades
 + Level 7.6 Dodging
 + Level 10.6 Stealth
 + Level 3.1 Shields
 + Level 3.3 Invocations
 - Level 4.0 Evocations


You had 9 spell levels left.
You didn't know any spells.
Your spell library contained the following spells:

 Spells                   Type           Power        Failure   Level
 Beastly Appendage        Tmut           #.....       93%         1
 Wereblood                Tmut           #.......     98%         2
 Confusing Touch          Hex            #.......     100%        3
 Gell's Gravitas          Tloc           #.........   100%        3
 Spider Form              Tmut/Pois      #.........   100%        3
 Ice Form                 Ice/Tmut       #.......     100%        4
 Petrify                  Tmut/Erth      #.......     100%        4
 Blade Hands              Tmut           #.........   100%        5
 Metabolic Englaciation   Hex/Ice        #.........   100%        5
 Yara's Violent Unravell  Hex/Tmut       #.........   100%        5


Dungeon Overview and Level Annotations

Branches:
Dungeon (8/15)             Temple (1/1) D:6
   Lair: D:8-11

Altars:
Ashenzari
Cheibriados
Dithmenos
Elyvilon
Fedhas
Gozag
Hepliaklqana
Kikubaaqudgha
Makhleb
Nemelex Xobeh
Okawaru
Qazlal
Ru
Sif Muna
Trog
Uskayaw
Vehumet
Wu Jian
Xom
Yredelemnul
Zin
The Shining One

Shops:
D:4 *


Innate Abilities, Weirdness & Mutations

You are small and have problems with some larger weapons.
You are completely attuned to the shadows.


Message History

The orc misses you.
The orc priest hits you but does no damage.
You hit the orc priest. You burn the orc priest.
The orc priest is almost dead.
You hit the orc priest but do no damage.
The orc priest is almost dead.
You block the orc's attack. The orc priest closely misses you.
You hit the orc priest but do no damage.
The orc priest is almost dead.
You hit the orc priest but do no damage.
The orc priest is almost dead.
You block the orc's attack. You block the orc priest's attack.
You barely miss the orc priest.
The orc priest is almost dead.
You completely miss the orc priest.
The orc priest is almost dead.
The orc closely misses you.
The orc priest mumbles some strange prayers to Beogh against you.
Beogh smites you!
You die...

........... #......#
........... #......#
###...###. ##.)....#
##########...#######.......#
............)†..)).[.......#
..........†......).#)......#
...................#.......#
................########...#
...............(@o... #...#
#################o... #...#
.... ##### .... ####


You could see an orc priest and an orc.

Vanquished Creatures
  Pikel (D:7)
  Edmund (D:5)
  Menkaure (D:6)
  3 orc warriors
  A sky beast (D:5)
  A phantom (D:2)
  4 ogres
  A black bear (D:6)
  5 centaurs
  4 lemures (D:7)
  A bullfrog (D:6)
  5 killer bees (D:7)
  2 scorpions
  2 howler monkeys
  A centaur zombie (D:6)
  2 bullfrog skeletons (D:5)
  5 orc priests
  7 hounds
  9 orc wizards
  2 jellies
  2 iguanas
  2 worker ants
  Robin (D:2)
  11 adders
  3 gnolls (D:6)
  3 ufetubi (D:6)
  2 adder skeletons (D:4)
  4 worms
  2 dart slugs (D:1)
  7 leopard geckos
  43 orcs
  7 giant cockroaches
  11 hobgoblins
  3 quokkas
  3 ball pythons
  12 bats
  2 frilled lizards (D:1)
  A giant cockroach zombie (D:5)
  13 goblins
  7 kobolds
  A leopard gecko skeleton (D:4)
  A quokka skeleton (D:4)
  9 rats
208 creatures vanquished.

Notes
Turn   | Place    | Note
-------+----------+-------------------------------------------
     0 | D:5      | lunkers the Kobold Delver began the quest for the Orb.
     0 | D:5      | Reached XP level 1. HP: 14/14 MP: 1/1
    11 | D:5      | Found a shimmering blue altar of Sif Muna.
    45 | D:5      | Noticed a scorpion
    55 | D:5      | Killed a scorpion
    55 | D:5      | Reached skill level 1 in Evocations
    55 | D:5      | Reached XP level 2. HP: 7/19 MP: 2/2
    55 | D:5      | Reached XP level 3. HP: 8/23 MP: 3/3
   313 | D:5      | Noticed a sky beast
   319 | D:5      | Killed a sky beast
   319 | D:5      | Reached XP level 4. HP: 20/29 MP: 4/4
   319 | D:5      | Reached XP level 5. HP: 22/33 MP: 5/5
   495 | D:5      | Reached XP level 6. HP: 38/38 MP: 6/6
   549 | D:5      | Reached skill level 5 in Short Blades
   557 | D:4      | Found an opulent altar of Gozag.
   563 | D:4      | Found Gozag's Platinum Reserve.
   752 | D:4      | Reached XP level 7. HP: 10/43 MP: 7/7
  2291 | D:2      | Noticed Robin
  2336 | D:2      | Killed Robin
  3751 | D:3      | You fall into a shaft and drop 1 floor!
  4158 | D:4      | Reached XP level 8. HP: 45/48 MP: 8/8
  4554 | D:5      | Noticed Edmund
  4561 | D:5      | Killed Edmund
  4561 | D:5      | Reached skill level 5 in Fighting
  4561 | D:5      | Reached skill level 5 in Dodging
  5779 | D:6      | Reached XP level 9. HP: 55/55 MP: 9/9
  5875 | D:6      | Noticed Menkaure
  5877 | D:6      | Killed Menkaure
  6088 | D:6      | Reached skill level 1 in Shields
  6224 | D:6      | Found a staircase to the Ecumenical Temple.
  6411 | Temple   | Entered the Ecumenical Temple
  6751 | Temple   | Became a worshipper of Uskayaw the Reveler
  6876 | D:7      | Reached * piety under Uskayaw
  6878 | D:7      | Reached ** piety under Uskayaw
  6946 | D:7      | Reached *** piety under Uskayaw
  7484 | D:7      | Reached skill level 1 in Invocations
  7747 | D:7      | Reached **** piety under Uskayaw
  8005 | D:7      | Reached skill level 10 in Short Blades
  8026 | D:7      | Reached skill level 10 in Stealth
  8026 | D:7      | Reached ***** piety under Uskayaw
  8129 | D:7      | Reached XP level 10. HP: 42/61 MP: 11/11
  8255 | D:7      | Noticed Pikel
  8287 | D:7      | Killed Pikel
  9217 | D:8      | Killed from afar by an orc priest

Illustrated notes

Levels and vault maps discovered:
D:1:      scummos_arrival_simple_fountains, layout_loops_cross
D:2:      layout_loops_ring, uniq_robin
D:3:      layout_basic, nrook_mini_backslash
D:4:      layout_loops_ring, nicolae_gozag_zags_fifth_avenue
D:5:      layout_loops_ring, nicolae_overflow_hidden_temple, uniq_edmund
D:6:      layout_basic, minmay_temple_entry_fiery, uniq_menkaure
D:7:      layout_basic, uniq_pikel
D:8:      layout_gridville, david_lair_shrubbed, special_room [special_room_orc]
Temple:   compressed_dpeg_triangle_lava_temple

Skill      XL: |  1  2  3  4  5  6  7  8  9 10 |
---------------+-------------------------------+-----
Short Blades   | 3 4 5 6 8 10 | 10.0
Evocations     | 1 2 3 4 |  4.0
Dodging        | 3 4 5 7 |  7.6
Stealth        | 7 8 9 10 | 10.6
Fighting       | 4 5 6 7 |  7.2
Shields        | 2 3 |  3.1
Invocations    | 2 3 |  3.3

Action                   |  1- 3 |  4- 6 |  7- 9 | 10-12 || total
-------------------------+-------+-------+-------+-------++-------
Melee: Short sword       |     8 |    83 |   223 |       ||   314
       Dagger            |       |       |   409 |   157 ||   566
Throw: Dart              |       |       |    77 |    20 ||    97
Evoke: Wand              |     4 |       |    16 |     2 ||    22
  Use: Scroll            |       |       |    14 |       ||    14
 Stab: Sleeping          |     1 |     3 |    37 |     3 ||    44
       Paralysed         |       |       |     6 |     4 ||    10
Armor: Leather armour    |     1 |     1 |       |       ||     2
       Ring mail         |       |    15 |    64 |       ||    79
       Scale mail        |       |       |    58 |    14 ||    72
Dodge: Dodged            |     6 |    49 |   321 |    58 ||   434
Block: Buckler           |       |       |    48 |    29 ||    77

Table legend: (Time is in decaauts)
 A = Elapsed time spent in this place.
 B = Non-inter-level travel time spent in this place.
 C = Inter-level travel time spent in this place.
 D = Time resting spent in this place.
 E = Time spent auto-exploring this place.
 F = Levels seen in this place.
 G = Mean time per level.
                   A        B        C        D        E       F      G
               +--------+--------+--------+--------+--------+-----+--------+
         Total |   8918 |   8604 |    314 |    958 |   5850 |   9 |  990.9 |
       Dungeon |   8568 |   8268 |    300 |    958 |   5535 |   8 | 1071.0 |
        Temple |    349 |    335 |     14 |      0 |    315 |   1 |  349.0 |
               +--------+--------+--------+--------+--------+-----+--------+

Top non-repeatable levels by time:
     D:7: 1659 daAuts
     D:6: 1357 daAuts
     D:5: 1321 daAuts
     D:4: 1162 daAuts
     D:2: 1085 daAuts
     D:1: 780 daAuts
     D:3: 662 daAuts
     D:8: 540 daAuts
  Temple: 349 daAuts
